 Dungeon Crawl Stone Soup version 0.21.0-3-g78d12a8 (webtiles) character file.

147 Ghouzt the Skirmisher (level 5, 0/42 HPs)
             Began as a Demonspawn Abyssal Knight on Jan 8, 2018.
             Was a Believer of Lugonu.
             Slain by an orc
             ... wielding a +0 flail
              (8 damage)
             ... on level 3 of the Dungeon.
             The game lasted 00:05:19 (2311 turns).

Ghouzt the Skirmisher (Demonspawn Abyssal Knight)   Turns: 2311, Time: 00:05:21

Health: 0/42       AC:  5    Str: 12 (13) XL:     5   Next: 7%
Magic:  6/6        EV: 17    Int: 14      God:    Lugonu [**....]
Gold:   192        SH:  0    Dex: 14 (17) Spells: 4/4 levels left

rFire    . . .     SeeInvis .   a - +1 hand axe
rCold    . . .     Gourm    .   (no shield)
rNeg     . . .     Faith    .   b - +0 leather armour
rPois    .         Spirit   .   (helmet restricted)
rElec    .         Reflect  .   (no cloak)
rCorr    .         Harm     .   (no gloves)
MR       .....                  (no boots)
Stlth    ++........             (no amulet)
HPRegen  0.14/turn              (no ring)
MPRegen  0.10/turn              (no ring)

@: agile
A: horns 1, icy blue scales 1
a: Depart the Abyss, Bend Space, Renounce Religion


You were on level 3 of the Dungeon.
You worshipped Lugonu.
Lugonu was pleased with you.
You were hungry.

You visited 1 branch of the dungeon, and saw 3 of its levels.
You visited the Abyss 1 time.

You collected 192 gold pieces.

Inventory:

Hand Weapons
 a - a +1 hand axe (weapon)
Armour
 b - a +0 leather armour (worn)
Scrolls
 d - 2 scrolls of immolation {unknown}
 e - 4 scrolls of identify {unknown}
 g - 3 scrolls of remove curse {unknown}
 i - a scroll of teleportation {unknown}
 j - a scroll of magic mapping {unknown}
 l - a scroll of enchant weapon {unknown}
Potions
 h - a potion of agility
Comestibles
 c - 3 rations


   Skills:
 + Level 3.9 Fighting
 + Level 3.5 Axes
 + Level 2.2 Armour
 + Level 1.6 Dodging
 + Level 2.5 Invocations


You had 4 spell levels left.
You didn't know any spells.

Dungeon Overview and Level Annotations

Branches:
Dungeon (3/15)

Altars:
Cheibriados
Fedhas
Kikubaaqudgha
Uskayaw


Innate Abilities, Weirdness & Mutations

You have a pair of small horns on your head.
You are partially covered in icy blue scales. (AC +2)


Message History

A pair of horns grows on your head!
An orc comes into view. It is wielding a dagger.
Things that are here:
a dagger; a robe; an orc corpse You barely miss the orc.
Your headbutt misses the orc. The orc hits you but does no damage.
You barely miss the orc. You headbutt the orc.
The orc is moderately wounded.
The orc closely misses you.
An orc comes into view. It is wielding a flail.
You slash the orc!
You kill the orc!
Lugonu accepts your kill.
You hit the orc. You headbutt the orc, but do no damage.
The orc is severely wounded.
The orc closely misses you.
You barely miss the orc.
The orc is severely wounded.
The orc hits you with a flail!
You die...

#.. ... #..... ###
### #.##.# #.##.#
#########.##.#
#...........).
#.#######.#### #
##.## #.####
##.#####...###
#.....
#..oo@.).....#
#..###
#.o#####...#)# #..#
#. ##.##.# #..###
.o #########.#
#..... ##
..........#####.###
########.......<###
#..#####.... #..#
#.### #..# #.#


You could see 3 orcs.

Vanquished Creatures
  An orc wizard (D:3)
  A centaur skeleton (D:3)
  3 adders (D:2)
  A worm (D:3)
  3 dart slugs
  A leopard gecko (D:1)
  7 orcs (D:3)
  4 ball pythons (D:1)
  4 goblins (D:1)
  2 hobgoblins
  2 jackals (D:3)
  8 bats
  8 kobolds
  9 rats
54 creatures vanquished.

Notes
Turn   | Place    | Note
-------+----------+-------------------------------------------
     0 | Abyss:1  | Ghouzt the Demonspawn Abyssal Knight began the quest for the Orb.
     0 | Abyss:1  | Reached XP level 1. HP: 18/18 MP: 2/2
    49 | D:1      | Escaped the Abyss
   315 | D:1      | Reached skill level 1 in Dodging
   394 | D:1      | Reached * piety under Lugonu
   430 | D:1      | Gained mutation: You are partially covered in icy blue scales. (AC +2) [demonic ancestry]
   430 | D:1      | Reached XP level 2. HP: 21/24 MP: 3/3
  1252 | D:2      | Reached XP level 3. HP: 30/30 MP: 4/4
  1492 | D:2      | Reached ** piety under Lugonu
  1496 | D:2      | Found a snail-covered altar of Cheibriados.
  1664 | D:3      | Found a hide-covered altar of Uskayaw.
  1664 | D:3      | Found a blossoming altar of Fedhas.
  1760 | D:3      | Reached XP level 4. HP: 34/37 MP: 5/5
  2100 | D:3      | Found an ancient bone altar of Kikubaaqudgha.
  2304 | D:3      | Gained mutation: You have a pair of small horns on your head. [demonic ancestry]
  2304 | D:3      | Reached XP level 5. HP: 7/42 MP: 6/6
  2311 | D:3      | Slain by an orc

Skill      XL: |  1  2  3  4 |
---------------+-------------+-----
Dodging        | 1 |  1.6
Axes           | 2 3 |  3.5
Armour         | 2 |  2.2
Fighting       | |  3.9
Invocations    | |  2.5

Action                   |  1- 3 |  4- 6 || total
-------------------------+-------+-------++-------
Melee: Hand axe          |   124 |    61 ||   185
       Headbutt          |       |     2 ||     2
Invok: Depart the Abyss  |     1 |       ||     1
  Use: Potion            |       |     4 ||     4
  Eat: Chunk             |     3 |     1 ||     4
Armor: Leather armour    |    61 |    21 ||    82
Dodge: Dodged            |   103 |    26 ||   129
